 Dungeon Crawl Stone Soup version 0.22-a0-274-gf8199ec (webtiles) character file.

5236 tidbits the Magician (level 10, 32/74 HPs)
             Began as a Gnoll Fire Elementalist on Mar 14, 2018.
             Was a Priest of Cheibriados.
             Quit the game on level 10 of the Dungeon.
             The game lasted 00:30:12 (2943 turns).

tidbits the Magician (Gnoll Fire Elementalist)      Turns: 2943, Time: 00:30:12

Health: 32/74      AC:  9    Str: 16    XL:     10   Next: 61%
Magic:  7/21       EV: 18    Int: 30    God:    Cheibriados [***...]
Gold:   156        SH:  2    Dex: 21    Spells: 8/23 levels left

rFire    + . .     SeeInvis +   A - +0 long sword
rCold    . . .     Gourm    .   (no shield)
rNeg     . . .     Faith    .   B - +0 robe {rF+}
rPois    .         Spirit   .   E - +1 helmet
rElec    .         Reflect  +   C - +1 cloak
rCorr    .         Harm     .   G - +0 pair of gloves
MR       .....                  F - +0 pair of boots
Stlth    ++++......             j - +2 amulet of reflection
HPRegen  0.22/turn              (no ring)
MPRegen  0.17/turn              (no ring)

@: mildly poisoned (32 -> 31), very slow
A: distributed training, fangs 1, see invisible, clever 1, strong nose
a: Bend Time, Temporal Distortion, Renounce Religion


You were on level 10 of the Dungeon.
You worshipped Cheibriados.
Cheibriados was most pleased with you.
You were not hungry.

You visited 2 branches of the dungeon, and saw 11 of its levels.

You collected 445 gold pieces.
You spent 289 gold pieces at shops.

Inventory:

Hand Weapons
 a - a +1 dagger
 b - a +0 short sword
 d - a +0 scythe
 e - a +0 vampiric rapier
   (You found it on level 2 of the Dungeon)
 g - a +0 whip
 h - a +0 hunting sling
 A - a +0 long sword (weapon)
 J - a +0 short sword
 K - a +0 whip of freezing
   (You took it off Pikel on level 9 of the Dungeon)
 P - a +0 shortbow
 S - a +0 quarterstaff
Missiles
 k - 11 stones (quivered)
 l - 140 arrows
 z - 5 tomahawks
 R - 2 throwing nets {!f}
 T - 25 sling bullets
Armour
 o - a +0 ring mail
 y - a +0 shield
 B - a +0 robe of fire resistance (worn)
   (You took it off Pikel on level 9 of the Dungeon)
 C - a +1 cloak (worn)
 E - a +1 helmet (worn)
 F - a +0 pair of boots (worn)
 G - a +0 pair of gloves (worn)
 L - a +0 robe
 Q - a +0 pair of boots
Jewellery
 j - a +2 amulet of reflection (around neck)
   (You found it on level 6 of the Dungeon)
 s - an uncursed ring of loudness
   (You found it on level 4 of the Dungeon)
 W - an uncursed ring of teleportation
   (You found it on level 8 of the Dungeon)
Wands
 f - a wand of flame (19)
 v - a wand of random effects (16)
 H - a wand of iceblast (13)
 I - a wand of acid (3)
 N - a wand of enslavement (12)
 X - a wand of polymorph (11)
Scrolls
 i - 2 scrolls of identify
 m - 4 scrolls of amnesia
 p - 3 scrolls of enchant weapon
 q - 2 scrolls of fear
 r - 2 scrolls of remove curse
 t - 2 scrolls of teleportation
 u - a scroll of noise
 D - 2 scrolls of blinking
 U - a scroll of vulnerability
 V - a scroll of immolation {unknown}
Potions
 n - a potion of mutation {!q}
 w - a potion of ambrosia
 x - a potion of brilliance
Miscellaneous
 M - a phantom mirror
Comestibles
 c - 12 rations


   Skills:
 + Level 5.3 Fighting
 + Level 5.3 Short Blades
 + Level 5.3 Long Blades
 + Level 5.3 Axes
 + Level 5.3 Maces & Flails
 + Level 5.3 Polearms
 + Level 5.3 Staves
 + Level 5.3 Slings
 + Level 5.3 Bows
 + Level 5.3 Crossbows
 + Level 5.3 Throwing
 + Level 5.3 Armour
 + Level 7.1 Dodging
 + Level 6.9 Stealth
 + Level 5.3 Shields
 + Level 5.3 Unarmed Combat
 + Level 7.4 Spellcasting
 + Level 5.0 Conjurations
 + Level 4.4 Hexes
 + Level 4.4 Charms
 + Level 4.4 Summonings
 + Level 4.4 Necromancy
 + Level 4.4 Translocations
 + Level 4.4 Transmutations
 + Level 7.1 Fire Magic
 + Level 4.4 Ice Magic
 + Level 4.4 Air Magic
 + Level 4.4 Earth Magic
 + Level 4.4 Poison Magic
 + Level 5.9 Invocations
 + Level 5.3 Evocations


You had 8 spell levels left.
You knew the following spells:

 Your Spells              Type           Power        Failure   Level  Hunger
a - Flame Tongue          Conj/Fire      #####        1%          1    None
b - Blink                 Tloc           N/A          1%          2    None
c - Conjure Flame         Conj/Fire      #####...     1%          3    None
j - Throw Flame           Conj/Fire      #####.       1%          2    None
m - Mephitic Cloud        Conj/Pois/Air  #####...     1%          3    None
t - Sticky Flame          Conj/Fire      #####...     3%          4    ##.....


Dungeon Overview and Level Annotations

Branches:
Dungeon (10/15)            Temple (1/1) D:5            Lair (0/6) D:9
    Orc: D:9-12

Altars:
Ashenzari
Cheibriados
Elyvilon
Fedhas
Gozag
Hepliaklqana
Kikubaaqudgha
Makhleb
Nemelex Xobeh
Okawaru
Ru
Trog
Uskayaw
Vehumet
Wu Jian
Yredelemnul
Zin

Shops:
D:4 *   D:9 ?   D:10 *


Innate Abilities, Weirdness & Mutations

Your experience applies equally to all skills.
You have very sharp teeth.
Your uncanny sense of smell can sniff out nearby items.
You have supernaturally acute eyesight. (SInv)
Your mind is acute. (Int +2)


Message History

Aiming: Flame Tongue (safe; 1% risk of failure)
Press: ? - help, Shift-Dir - straight line, f - iguana
Aim: an iguana The flame tongue misses the iguana.
The iguana misses you.
You hit the iguana but do no damage. The iguana bites you.
* * * LOW HITPOINT WARNING * * *
You hit the iguana. Your bite misses the iguana.
The iguana is moderately wounded.
The iguana bites you.
* * * LOW HITPOINT WARNING * * *
You barely miss the iguana.
The iguana is moderately wounded.
The iguana bites you!
* * * LOW HITPOINT WARNING * * *
Casting: Flame Tongue (safe; 1% risk of failure)
Confirm with . or Enter, or press ? or * to list all spells.
Aiming: Flame Tongue (safe; 1% risk of failure)
Press: ? - help, Shift-Dir - straight line, f/p - iguana
Aim: an iguana (moderately wounded)
The flame tongue hits the iguana.
The iguana appears unharmed.
The iguana is moderately wounded.
The iguana closely misses you.
You riposte.
You closely miss the iguana.
The iguana is moderately wounded.
Casting: Flame Tongue (safe; 1% risk of failure)
Confirm with . or Enter, or press ? or * to list all spells.
Aiming: Flame Tongue (safe; 1% risk of failure)
Press: ? - help, Shift-Dir - straight line, f/p - iguana
Aim: an iguana (moderately wounded)
The flame tongue hits the iguana.
The iguana is almost dead.
The iguana completely misses you.
You barely miss the iguana.
The iguana is almost dead.
The iguana barely misses you.
You riposte.
You hit the iguana. You bite the iguana, but do no damage.
The iguana is almost dead.
You closely miss the iguana.
You kill the iguana!
Cheibriados appreciates the change of pace.
An orc comes into view. It is wielding a hand axe.
A killer bee comes into view.
A fire dragon and 3 killer bees come into view.
The killer bee closely misses you. The killer bee stings you.
* * * LOW HITPOINT WARNING * * *
You are poisoned.
The killer bee poisons you! The killer bee closely misses you.
The killer bee stings you!
* * * LOW HITPOINT WARNING * * *
The killer bee buzzes angrily.
You feel much better.
You feel sick.
The killer bee buzzes angrily. x2; You hear a screech!
The killer bee misses you. The killer bee barely misses you.
The killer bee closely misses you.
The killer bee stings you but does no damage.
As you read the scroll of fear, it crumbles to dust.
You assume a fearsome visage.
The killer bee looks frightened! x4
You feel sick.
Found Gozag's Platinum Reserve.
You feel sick.
You feel sick.
An orc comes into view. It is wielding a whip.
There is an open door here.
You feel sick.
The orc shouts!
You hear a shout!
You hear a deafening roar!
The orc hits you with a whip.
* * * LOW HITPOINT WARNING * * *
The orc closely misses you.
You riposte.
You hit the orc. Your bite misses the orc.
The orc is moderately wounded.
A hippogriff and an orc wizard come into view.
There is an open door here.
The orc hits you but does no damage.
You hit the orc.
The orc is severely wounded.
You feel sick. The orc closely misses you.
You hit the orc.
You kill the orc!
Cheibriados appreciates the change of pace.
You slash the orc wizard!
The orc wizard is heavily wounded.
The orc wizard hits you but does no damage.
You hear a chilling moan.
You hit the orc wizard but do no damage.
The orc wizard is heavily wounded.
You hear a shout!
The orc wizard mumbles some strange words.
The orc wizard seems to speed up.
An orc wizard comes into view. It is wielding a dagger.
Quiver which item? (- for none, * to show all) (? for menu, Esc to quit)
Okay, then.
Really quaff
n - 2 potions of mutation {!q}?
You feel extremely strange.
Your hooves expand and flesh out into feet!
Your slimy green scales disappear.
Your vision sharpens.
You feel clever.
A shadow wraith comes into view.
The orc wizard hits you but does no damage.
The hippogriff barely misses you. The hippogriff misses you.
The hippogriff closely misses you.
The orc wizard moves out of view.
Are you sure you want to abandon this character and quit the game? (Confirm with "yes".)

#. #########.#####
.......................#
.......................#
...................W...# ....
.......................###....#
............o..............#...
. ......... ###o###...# #.. .
..)...... #..@H.'...# ∆ #..
..#'### ∆ #...D.#...# #.#
..#...# #.....#...# #.# ..'...#
∆ #.....#...#####.#### .o#...#
#.....#............. ..#####..
#......#............. ...S.....
#......#............. .........
#......#............. .........
≈≈≈≈≈..........


You could see a fire dragon, a shadow wraith (invisible), a hippogriff and an
orc wizard.

Vanquished Creatures
  Pikel (D:9)
  The ghost of Karim the Carver, a novice SpFi of Okawaru (D:9)
  Psyche (D:8)
  Joseph (D:8)
  A hornet (D:9)
  2 hippogriffs
  Sigmund (D:2)
  A water moccasin (D:8)
  2 hell hounds (D:9)
  A hornet zombie (D:9)
  An orc warrior (D:8)
  2 sky beasts
  2 necrophages
  A phantom (D:4)
  2 ogres
  3 centaurs
  A big kobold (D:8)
  3 bullfrogs
  A gnoll sergeant (D:8)
  2 electric eels (D:3)
  A crimson imp (D:6)
  9 howler monkeys
  A bullfrog zombie (D:5)
  3 hounds
  A jelly (D:3)
  2 centaur skeletons
  A bullfrog skeleton (D:5)
  3 orc wizards
  2 iguanas
  Natasha (thrice) (D:4)
  4 worker ants
  A killer bee zombie (D:9)
  A hound zombie (D:5)
  A hound skeleton (D:5)
  Robin (D:2)
  5 gnolls (D:8)
  5 adders
  2 shadow imps
  An ooze (D:1)
  2 adder zombies
  An adder skeleton (D:8)
  A worm (D:2)
  3 leopard geckos
  10 orcs
  2 bats
  5 giant cockroaches
  14 goblins
  13 hobgoblins
  8 jackals
  5 kobolds
  A quokka (D:8)
  A ball python (D:3)
  A frilled lizard (D:2)
  6 rats
150 creatures vanquished.

Vanquished Creatures (others)
  2 bullfrogs (D:9)
  A hound (D:9)
  An adder (D:9)
  A fungus (D:8)
  A plant (D:8)
6 creatures vanquished.

Grand Total: 156 creatures vanquished

Notes
Turn   | Place    | Note
-------+----------+-------------------------------------------
     0 | D:1      | tidbits the Gnoll Fire Elementalist began the quest for the Orb.
     0 | D:1      | Reached XP level 1. HP: 13/13 MP: 6/6
   127 | D:2      | Reached skill level 2 in Conjurations
   130 | D:2      | Reached XP level 2. HP: 14/19 MP: 2/7
   134 | D:2      | Learned a level 2 spell: Throw Flame
   333 | D:2      | Noticed Sigmund
   349 | D:2      | Killed Sigmund
   349 | D:2      | Reached skill level 1 in Fighting
   349 | D:2      | Reached skill level 1 in Short Blades
   349 | D:2      | Reached skill level 1 in Long Blades
   349 | D:2      | Reached skill level 1 in Axes
   349 | D:2      | Reached skill level 1 in Maces & Flails
   349 | D:2      | Reached skill level 1 in Polearms
   349 | D:2      | Reached skill level 1 in Staves
   349 | D:2      | Reached skill level 1 in Slings
   349 | D:2      | Reached skill level 1 in Bows
   349 | D:2      | Reached skill level 1 in Crossbows
   349 | D:2      | Reached skill level 1 in Throwing
   349 | D:2      | Reached skill level 1 in Armour
   349 | D:2      | Reached skill level 1 in Shields
   349 | D:2      | Reached skill level 1 in Unarmed Combat
   349 | D:2      | Reached skill level 5 in Spellcasting
   349 | D:2      | Reached skill level 1 in Hexes
   349 | D:2      | Reached skill level 1 in Charms
   349 | D:2      | Reached skill level 1 in Summonings
   349 | D:2      | Reached skill level 1 in Necromancy
   349 | D:2      | Reached skill level 1 in Translocations
   349 | D:2      | Reached skill level 1 in Transmutations
   349 | D:2      | Reached skill level 1 in Ice Magic
   349 | D:2      | Reached skill level 1 in Air Magic
   349 | D:2      | Reached skill level 1 in Earth Magic
   349 | D:2      | Reached skill level 1 in Poison Magic
   349 | D:2      | Reached skill level 1 in Invocations
   349 | D:2      | Reached skill level 1 in Evocations
   349 | D:2      | Reached XP level 3. HP: 26/26 MP: 0/9
   349 | D:2      | Reached XP level 4. HP: 32/32 MP: 0/11
   349 | D:2      | Reached XP level 5. HP: 37/37 MP: 0/12
   363 | D:2      | Noticed Robin
   377 | D:2      | Killed Robin
   413 | D:2      | Learned a level 3 spell: Conjure Flame
   432 | D:2      | Found a burning altar of Makhleb.
   530 | D:2      | Gained mutation: You have large cloven feet. [potion of mutation]
   530 | D:2      | Gained mutation: You are partially covered in slimy green scales. (AC +2) [potion of mutation]
   601 | D:3      | Reached XP level 6. HP: 44/44 MP: 11/13
   641 | D:3      | Found a transporter.
   651 | D:3      | Reached skill level 2 in Invocations
   714 | D:3      | Found a transporter.
   732 | D:3      | Reached skill level 5 in Dodging
   736 | D:3      | Reached skill level 2 in Fighting
   736 | D:3      | Reached skill level 2 in Short Blades
   736 | D:3      | Reached skill level 2 in Long Blades
   736 | D:3      | Reached skill level 2 in Axes
   736 | D:3      | Reached skill level 2 in Maces & Flails
   736 | D:3      | Reached skill level 2 in Polearms
   736 | D:3      | Reached skill level 2 in Staves
   736 | D:3      | Reached skill level 2 in Slings
   736 | D:3      | Reached skill level 2 in Bows
   736 | D:3      | Reached skill level 2 in Crossbows
   736 | D:3      | Reached skill level 2 in Throwing
   736 | D:3      | Reached skill level 2 in Armour
   736 | D:3      | Reached skill level 2 in Shields
   736 | D:3      | Reached skill level 2 in Unarmed Combat
   736 | D:3      | Reached skill level 2 in Evocations
   756 | D:3      | Learned a level 4 spell: Sticky Flame
   820 | D:4      | Found Foerchu's General Store.
   822 | D:4      | Noticed a phantom
   847 | D:4      | Killed a phantom
   847 | D:4      | Reached XP level 7. HP: 30/50 MP: 7/15
   860 | D:4      | Bought a potion of might for 52 gold pieces
   860 | D:4      | Bought a scroll of teleportation for 39 gold pieces
   860 | D:4      | Bought a scroll of identify for 26 gold pieces
   896 | D:5      | Entered Level 5 of the Dungeon
   903 | D:5      | Found a shattered altar of Ashenzari.
   936 | D:4      | Noticed Natasha
   946 | D:4      | Killed Natasha
   958 | D:4      | Learned a level 2 spell: Blink
   977 | D:4      | Noticed Natasha
   987 | D:4      | Killed Natasha
   999 | D:4      | Noticed Natasha
  1003 | D:4      | Killed Natasha
  1122 | D:5      | Reached skill level 2 in Hexes
  1122 | D:5      | Reached skill level 2 in Charms
  1122 | D:5      | Reached skill level 2 in Summonings
  1122 | D:5      | Reached skill level 2 in Necromancy
  1122 | D:5      | Reached skill level 2 in Translocations
  1122 | D:5      | Reached skill level 2 in Transmutations
  1122 | D:5      | Reached skill level 2 in Ice Magic
  1122 | D:5      | Reached skill level 2 in Air Magic
  1122 | D:5      | Reached skill level 2 in Earth Magic
  1122 | D:5      | Reached skill level 2 in Poison Magic
  1134 | D:5      | Reached skill level 3 in Conjurations
  1140 | D:5      | Found a hide-covered altar of Uskayaw.
  1181 | D:5      | Found a basalt altar of Yredelemnul.
  1232 | D:5      | Reached skill level 5 in Stealth
  1246 | D:5      | Reached skill level 3 in Invocations
  1248 | D:5      | Found a staircase to the Ecumenical Temple.
  1257 | Temple   | Entered the Ecumenical Temple
  1330 | D:5      | Found an iron altar of Okawaru.
  1346 | D:5      | Found a snail-covered altar of Cheibriados.
  1354 | D:5      | Became a worshipper of Cheibriados the Contemplative
  1368 | D:5      | Reached XP level 8. HP: 54/57 MP: 3/16
  1437 | D:6      | Reached skill level 6 in Fire Magic
  1487 | D:6      | Found a hazy altar of Hepliaklqana.
  1514 | D:6      | Reached skill level 3 in Fighting
  1514 | D:6      | Reached skill level 3 in Short Blades
  1514 | D:6      | Reached skill level 3 in Long Blades
  1514 | D:6      | Reached skill level 3 in Axes
  1514 | D:6      | Reached skill level 3 in Maces & Flails
  1514 | D:6      | Reached skill level 3 in Polearms
  1514 | D:6      | Reached skill level 3 in Staves
  1514 | D:6      | Reached skill level 3 in Slings
  1514 | D:6      | Reached skill level 3 in Bows
  1514 | D:6      | Reached skill level 3 in Crossbows
  1514 | D:6      | Reached skill level 3 in Throwing
  1514 | D:6      | Reached skill level 3 in Armour
  1514 | D:6      | Reached skill level 3 in Shields
  1514 | D:6      | Reached skill level 3 in Unarmed Combat
  1514 | D:6      | Reached skill level 3 in Evocations
  1520 | D:6      | Found a white marble altar of Elyvilon.
  1680 | D:9      | Noticed a hornet
  1688 | D:9      | Killed a hornet
  1688 | D:9      | Reached skill level 6 in Spellcasting
  1730 | D:9      | Learned a level 3 spell: Mephitic Cloud
  1762 | D:9      | Reached * piety under Cheibriados
  1775 | D:9      | Found Cyceros's Magic Scroll Shop.
  1780 | D:9      | Bought a scroll of blinking for 112 gold pieces
  1780 | D:9      | Bought a scroll of identify for 30 gold pieces
  1780 | D:9      | Bought a scroll of identify for 30 gold pieces
  1820 | D:10     | Entered Level 10 of the Dungeon
  1820 | D:10     | Noticed a yak
  1881 | D:9      | Reached skill level 3 in Hexes
  1881 | D:9      | Reached skill level 3 in Charms
  1881 | D:9      | Reached skill level 3 in Summonings
  1881 | D:9      | Reached skill level 3 in Necromancy
  1881 | D:9      | Reached skill level 3 in Translocations
  1881 | D:9      | Reached skill level 3 in Transmutations
  1881 | D:9      | Reached skill level 3 in Ice Magic
  1881 | D:9      | Reached skill level 3 in Air Magic
  1881 | D:9      | Reached skill level 3 in Earth Magic
  1881 | D:9      | Reached skill level 3 in Poison Magic
  1881 | D:9      | Reached skill level 4 in Invocations
  1885 | D:9      | Noticed Karim's ghost (novice SpFi)
  1928 | D:9      | Killed Karim's ghost
  1928 | D:9      | Reached skill level 4 in Fighting
  1928 | D:9      | Reached skill level 4 in Short Blades
  1928 | D:9      | Reached skill level 4 in Long Blades
  1928 | D:9      | Reached skill level 4 in Axes
  1928 | D:9      | Reached skill level 4 in Maces & Flails
  1928 | D:9      | Reached skill level 4 in Polearms
  1928 | D:9      | Reached skill level 4 in Staves
  1928 | D:9      | Reached skill level 4 in Slings
  1928 | D:9      | Reached skill level 4 in Bows
  1928 | D:9      | Reached skill level 4 in Crossbows
  1928 | D:9      | Reached skill level 4 in Throwing
  1928 | D:9      | Reached skill level 4 in Armour
  1928 | D:9      | Reached skill level 6 in Dodging
  1928 | D:9      | Reached skill level 4 in Shields
  1928 | D:9      | Reached skill level 4 in Unarmed Combat
  1928 | D:9      | Reached skill level 4 in Conjurations
  1928 | D:9      | Reached skill level 4 in Evocations
  1928 | D:9      | Reached XP level 9. HP: 58/65 MP: 11/18
  1952 | D:9      | Reached skill level 6 in Stealth
  1954 | D:9      | Found a staircase to the Lair.
  2035 | D:9      | Noticed Pikel
  2049 | D:9      | Killed Pikel
  2049 | D:9      | Reached skill level 5 in Invocations
  2304 | D:8      | Reached XP level 10. HP: 59/73 MP: 11/20
  2330 | D:8      | Reached skill level 7 in Spellcasting
  2330 | D:8      | Reached skill level 4 in Hexes
  2330 | D:8      | Reached skill level 4 in Charms
  2330 | D:8      | Reached skill level 4 in Summonings
  2330 | D:8      | Reached skill level 4 in Necromancy
  2330 | D:8      | Reached skill level 4 in Translocations
  2330 | D:8      | Reached skill level 4 in Transmutations
  2330 | D:8      | Reached skill level 4 in Ice Magic
  2330 | D:8      | Reached skill level 4 in Air Magic
  2330 | D:8      | Reached skill level 4 in Earth Magic
  2330 | D:8      | Reached skill level 4 in Poison Magic
  2350 | D:8      | Reached ** piety under Cheibriados
  2403 | D:8      | Noticed Psyche
  2412 | D:8      | Killed Psyche
  2412 | D:8      | Reached skill level 5 in Fighting
  2412 | D:8      | Reached skill level 5 in Short Blades
  2412 | D:8      | Reached skill level 5 in Long Blades
  2412 | D:8      | Reached skill level 5 in Axes
  2412 | D:8      | Reached skill level 5 in Maces & Flails
  2412 | D:8      | Reached skill level 5 in Polearms
  2412 | D:8      | Reached skill level 5 in Staves
  2412 | D:8      | Reached skill level 5 in Slings
  2412 | D:8      | Reached skill level 5 in Bows
  2412 | D:8      | Reached skill level 5 in Crossbows
  2412 | D:8      | Reached skill level 5 in Throwing
  2412 | D:8      | Reached skill level 5 in Armour
  2412 | D:8      | Reached skill level 5 in Shields
  2412 | D:8      | Reached skill level 5 in Unarmed Combat
  2412 | D:8      | Reached skill level 5 in Evocations
  2433 | D:8      | Noticed Joseph
  2457 | D:8      | Killed Joseph
  2457 | D:8      | Reached skill level 7 in Fire Magic
  2572 | D:8      | Reached skill level 7 in Dodging
  2577 | D:8      | Found a sacrificial altar of Ru.
  2865 | D:10     | Reached *** piety under Cheibriados
  2879 | D:10     | Noticed an orc knight
  2895 | D:10     | Noticed a two-headed ogre
  2907 | D:10     | Reached skill level 5 in Conjurations
  2922 | D:10     | Noticed a fire dragon
  2923 | D:10     | HP: 6/74 [killer bee (8)]
  2926 | D:10     | Found Gozag's Platinum Reserve.
  2942 | D:10     | Lost mutation: You have large cloven feet. [potion of mutation]
  2942 | D:10     | Lost mutation: You are partially covered in slimy green scales. (AC +2) [potion of mutation]
  2942 | D:10     | Gained mutation: You have supernaturally acute eyesight. (SInv) [potion of mutation]
  2942 | D:10     | Gained mutation: Your mind is acute. (Int +2) [potion of mutation]
  2942 | D:10     | Noticed a shadow wraith
  2943 | D:10     | Quit the game

Vault maps used:
D:1:      dpeg_arrival_shrine, st_stairs_4, roderic_roman_lattice
D:2:      tso_oasis_becter, lemuel_crystal_altar, grunt_qazlal_sundering,
          nicolae_overflow_hidden_temple, old_standard_altar, first_ration,
          minmay_joined_circles, uniq_sigmund, uniq_robin
D:3:      gammafunk_steamed_eel
D:4:      serial_shops, shop, uniq_natasha
D:5:      yredelemnul_forgotten_temple_becter, okawaru_gym_becter,
          old_standard_altar, eat_drink_and_be_merry_uskayaw,
          lemuel_crystal_altar, minmay_temple_entry_trees
D:6:      lemuel_ratsnest, elyvilon_altar_5, overflow_temple_1_default
D:7:      hangedman_decor_lopped, uniq_menkaure
D:8:      lemuel_round_altar, blue_anna_alchemist, grunt_ministairs_6,
          nicolae_ru_the_path_less_chosen, uniq_joseph, uniq_maurice,
          uniq_erica, uniq_psyche
D:9:      minmay_lair_entry_lava, serial_shops, shop, lemuel_flame_loot_1,
          uniq_pikel
D:10:     minmay_the_grid_net, nicolae_gozag_zags_fifth_avenue, uniq_josephine
Temple:   nicolae_temple_figure_zero

Skill      XL: |  1  2  3  4  5  6  7  8  9 10 |
---------------+-------------------------------+-----
Conjurations   | 2 3 4 5 |  5.0
Fighting       | 1 2 4 5 |  5.3
Short Blades   | 1 2 4 5 |  5.3
Long Blades    | 1 2 4 5 |  5.3
Axes           | 1 2 4 5 |  5.3
Maces & Flails | 1 2 4 5 |  5.3
Polearms       | 1 2 4 5 |  5.3
Staves         | 1 2 4 5 |  5.3
Slings         | 1 2 4 5 |  5.3
Bows           | 1 2 4 5 |  5.3
Crossbows      | 1 2 4 5 |  5.3
Throwing       | 1 2 4 5 |  5.3
Armour         | 1 2 4 5 |  5.3
Shields        | 1 2 4 5 |  5.3
Unarmed Combat | 1 2 4 5 |  5.3
Spellcasting   | 5 6 7 |  7.4
Hexes          | 1 2 3 4 |  4.4
Charms         | 1 2 3 4 |  4.4
Summonings     | 1 2 3 4 |  4.4
Necromancy     | 1 2 3 4 |  4.4
Translocations | 1 2 3 4 |  4.4
Transmutations | 1 2 3 4 |  4.4
Ice Magic      | 1 2 3 4 |  4.4
Air Magic      | 1 2 3 4 |  4.4
Earth Magic    | 1 2 3 4 |  4.4
Poison Magic   | 1 2 3 4 |  4.4
Invocations    | 1 2 3 4 5 |  5.9
Evocations     | 1 2 4 5 |  5.3
Dodging        | 5 6 7 |  7.1
Stealth        | 5 6 |  6.9
Fire Magic     | 6 7 |  7.1

Action                   |  1- 3 |  4- 6 |  7- 9 | 10-12 || total
-------------------------+-------+-------+-------+-------++-------
Melee: Dagger            |    16 |       |     2 |     2 ||    20
       Unarmed           |     5 |    32 |       |       ||    37
       Rapier            |       |    61 |    49 |       ||   110
       Short sword       |       |    12 |       |       ||    12
       Bite              |       |    10 |    20 |    11 ||    41
       Punch             |       |     1 |     1 |     3 ||     5
       Long sword        |       |       |    96 |    49 ||   145
 Cast: Flame Tongue      |    21 |    46 |    42 |    63 ||   172
       Throw Flame       |       |     2 |     2 |       ||     4
       Sticky Flame      |       |       |    30 |    11 ||    41
       Conjure Flame     |       |       |     4 |     2 ||     6
       Blink             |       |       |     1 |       ||     1
Evoke: Wand              |       |     4 |     6 |       ||    10
  Use: Scroll            |     4 |     2 |     7 |     7 ||    20
       Potion            |     4 |     1 |     1 |     2 ||     8
 Stab: Sleeping          |     2 |     1 |     3 |     3 ||     9
       Distracted        |       |     1 |       |       ||     1
  Eat: Ration            |       |     1 |     2 |       ||     3
       Chunk             |       |     1 |     1 |     2 ||     4
Armor: Ring mail         |     7 |     1 |       |       ||     8
       Skin              |     4 |    24 |       |       ||    28
       Robe              |       |    26 |    46 |    28 ||   100
Dodge: Dodged            |    20 |    80 |   166 |    86 ||   352
Block: Other             |       |       |     7 |     6 ||    13
       Reflection        |       |       |       |     1 ||     1
       Rpst.: Long sword |       |       |    33 |    14 ||    47

Table legend:
 A = Spawn XP
 B = Non-spawn XP
 C = Spawn XP percentage of total XP
 D = Spawn monster count
 E = Non-spawn monster count
 F = Spawn count percentage of total count
 G = Total turns spent on level
                    A         B        C        D         E        F      G
               +---------+---------+-------+---------+---------+-------+---------
         Total |       0 |    7480 |   0.0 |       0 |     151 |   0.0 |  2943
               +---------+---------+-------+---------+---------+-------+---------
           D:1 |       0 |      21 |   0.0 |       0 |       9 |   0.0 |   274
           D:2 |       0 |     295 |   0.0 |       0 |      31 |   0.0 |   304
           D:3 |       0 |     201 |   0.0 |       0 |      21 |   0.0 |   242
           D:4 |       0 |     229 |   0.0 |       0 |       5 |   0.0 |   235
           D:5 |       0 |     528 |   0.0 |       0 |      20 |   0.0 |   321
           D:6 |       0 |     230 |   0.0 |       0 |       5 |   0.0 |    99
           D:7 |       0 |      34 |   0.0 |       0 |       1 |   0.0 |    89
           D:8 |       0 |    2230 |   0.0 |       0 |      23 |   0.0 |   567
           D:9 |       0 |    3265 |   0.0 |       0 |      29 |   0.0 |   657
          D:10 |       0 |     447 |   0.0 |       0 |       7 |   0.0 |    93
               +---------+---------+-------+---------+---------+-------+---------

Table legend:
 A = Turns spent in this place as a percentage of turns spent in the entire game.
 B = Non-inter-level travel turns spent in this place as a percentage of non-inter-level travel turns spent in the entire game.
 C = Inter-level travel turns spent in this place as a percentage of turns spent in this place.
 D = Turns resting spent in this place as a percentage of non-inter-level travel turns spent in this place.
 E = Turns spent auto-exploring this place as a percentage of non-inter-level travel turns spent in this place.
 F = Non-inter-level travel turns spent in this place divided by the number of levels of this place that you've seen.
                   A       B       C       D       E      F
               +-------+-------+-------+-------+-------+----------------------
         Total | 100.0 | 100.0 |   1.3 |   0.0 |   0.0 | 264.1
       Dungeon |  97.9 |  97.9 |   1.3 |   0.0 |   0.0 | 284.3
        Temple |   2.1 |   2.1 |   0.0 |   0.0 |   0.0 |  62.0
               +-------+-------+-------+-------+-------+----------------------

Table legend:
 A = Kills in this place as a percentage of kills in entire the game.
 B = Kills by you in this place as a percentage of kills by you in the entire game.
 C = Kills by friends in this place as a percentage of kills by friends in the entire game.
 D = Other kills in this place as a percentage of other kills in the entire game.
 E = Experience gained in this place as a percentage of experience gained in the entire game.
 F = Experience gained in this place divided by the number of levels of this place that you have seen.
                   A       B       C       D       E      F
               +-------+-------+-------+-------+-------+----------------------
         Total | 100.0 | 100.0 |   N/A | 100.0 | 100.0 | 680.0
       Dungeon | 100.0 | 100.0 |   N/A | 100.0 | 100.0 | 748.0
               +-------+-------+-------+-------+-------+----------------------

Vault maps used:
D:1:      dpeg_arrival_shrine, st_stairs_4, roderic_roman_lattice
D:2:      tso_oasis_becter, lemuel_crystal_altar, grunt_qazlal_sundering,
          nicolae_overflow_hidden_temple, old_standard_altar, first_ration,
          minmay_joined_circles, uniq_sigmund, uniq_robin
D:3:      gammafunk_steamed_eel
D:4:      serial_shops, shop, uniq_natasha
D:5:      yredelemnul_forgotten_temple_becter, okawaru_gym_becter,
          old_standard_altar, eat_drink_and_be_merry_uskayaw,
          lemuel_crystal_altar, minmay_temple_entry_trees
D:6:      lemuel_ratsnest, elyvilon_altar_5, overflow_temple_1_default
D:7:      hangedman_decor_lopped, uniq_menkaure
D:8:      lemuel_round_altar, blue_anna_alchemist, grunt_ministairs_6,
          nicolae_ru_the_path_less_chosen, uniq_joseph, uniq_maurice,
          uniq_erica, uniq_psyche
D:9:      minmay_lair_entry_lava, serial_shops, shop, lemuel_flame_loot_1,
          uniq_pikel
D:10:     minmay_the_grid_net, nicolae_gozag_zags_fifth_avenue, uniq_josephine
Temple:   nicolae_temple_figure_zero
